 Dungeon Crawl Stone Soup version 0.27-a0-328-g7f782ed93a (webtiles) character file.

Game seed: 5031482590576134422

1 Nattfarinn the Caller (level 1, -1/13 HPs)
             Began as a Barachi Summoner on Feb 11, 2021.
             Slain by a kobold
             ... wielding a +1 whip of venom
              (2 damage)
             ... on level 1 of the Dungeon.
             The game lasted 00:00:28 (103 turns).

Nattfarinn the Caller (Barachi Summoner)             Turns: 103, Time: 00:00:29

Health: -1/13      AC:  2    Str:  9    XL:     1   Next: 20%
Magic:  3/3        EV: 12    Int: 15    God:
Gold:   7          SH:  0    Dex: 12    Spells: 3/4 levels left

rFire    . . .     SeeInvis .   c - +0 spear
rCold    . . .     Faith    .   (no shield)
rNeg     . . .     Spirit   .   a - +0 robe
rPois    .         Reflect  .   (no helmet)
rElec    .         Harm     .   (no cloak)
rCorr    .         Rampage  .   (no gloves)
Will     .....                  (no boots)
Stlth    ++........             (no amulet)
HPRegen  0.04/turn              b - ring of flight
MPRegen  0.08/turn              (no ring)

@: lethally poisoned (-1 -> -24), slow
A: +LOS, swims, slowness 1, strong legs 1
a: Hop, Evoke Flight


You were on level 1 of the Dungeon.
You visited 1 branch of the dungeon, and saw 1 of its levels.

You collected 7 gold pieces.

Inventory:

Hand Weapons
 c - a +0 spear (weapon)
Armour
 a - a +0 robe (worn)
Jewellery
 b - a ring of flight (left hand)


   Skills:
 + Level 0.1 Fighting
 * Level 0.2 Armour
 + Level 2.2 Dodging
 - Level 1.7 Stealth
 - Level 2.1 Spellcasting
 - Level 4.8 Summonings


You had 3 spell levels left.
You knew the following spells:

 Your Spells              Type           Power        Failure   Level
a - Summon Small Mammal   Summ           64%          3%          1

Your spell library contained the following spells:

 Spells                   Type           Power        Failure   Level
 Call Imp                 Summ           16%          4%          2
 Call Canine Familiar     Summ           16%          9%          3
 Summon Guardian Golem    Hex/Summ       8%           24%         3
 Summon Ice Beast         Ice/Summ       8%           63%         4
 Summon Lightning Spire   Summ/Air       8%           63%         4


Dungeon Overview and Level Annotations

Branches:
Dungeon (1/15)

Altars:


Innate Abilities, Weirdness & Mutations

You can be seen from farther away. (+LOS)
You can swim through water.
You cover ground slowly.
You can hop short distances.


Message History

You hit the hobgoblin.
You kill the hobgoblin!
No target in view!
No target in view!
No target in view!
No target in view!
Things that are here:
a +0 club; a hobgoblin corpse
Things that are here:
a +0 club; a hobgoblin corpse A kobold comes into view.
It is wielding a +1 whip of venom.
The kobold shouts!
Found a scroll labelled XAHIRE ACOEPT.
You reach to attack!
You hit the kobold but do no damage. You closely miss the kobold.
The kobold barely misses you.
You barely miss the kobold. The kobold barely misses you.
You closely miss the kobold. The kobold closely misses you.
You completely miss the kobold. The kobold hits you but does no damage.
You are poisoned.
You miss the kobold.
You feel sick. The kobold closely misses you.
You hit the kobold.
The kobold is severely wounded.
The kobold closely misses you.
You hit the kobold but do no damage.
The kobold is severely wounded.
You feel sick. The kobold closely misses you.
The kobold hits you with a +1 whip of venom.
You are lethally poisoned!
You closely miss the kobold.
The kobold is severely wounded.
You feel sick.
The kobold hits you with a +1 whip of venom.
* * * LOW HITPOINT WARNING * * *
You are more poisoned.
You closely miss the kobold.
The kobold is severely wounded.
* * * LOW HITPOINT WARNING * * *
You feel sick.
The kobold hits you with a +1 whip of venom.
You die...

### ..# #.#
#.# #.# ###
#.# ##.## #K#
##.#.##
#@####.###.##
#.....## ##.#
######.###.##
##.#.## ##.##
#..# #.## #.#
#.#


You could see a kobold.

Vanquished Creatures
  A hobgoblin (D:1)
1 creature vanquished.

Notes
Turn   | Place    | Note
-------+----------+-------------------------------------------
     0 | D:1      | Nattfarinn the Barachi Summoner began the quest for the
                  | Orb.
     0 | D:1      | Reached XP level 1. HP: 13/13 MP: 3/3
   103 | D:1      | Slain by a kobold

Illustrated notes

Levels and vault maps discovered:
D:1:      dpeg_arrival_leaves_temple_mockup, layout_loops_ring, minivault_11,
          minmay_tiny_reverse_x

Action                   || total
-------------------------++-------
Melee: Spear             ||    12
 Stab: Sleeping          ||     1
Armor: Robe              ||     1
Dodge: Dodged            ||     6

Table legend: (Time is in decaauts)
 A = Elapsed time spent in this place.
 B = Non-inter-level travel time spent in this place.
 C = Inter-level travel time spent in this place.
 D = Time resting spent in this place.
 E = Time spent auto-exploring this place.
 F = Levels seen in this place.
 G = Mean time per level.
                   A        B        C        D        E       F      G
               +--------+--------+--------+--------+--------+-----+--------+
         Total |    120 |    120 |      0 |      0 |     82 |   1 |  120.0 |
       Dungeon |    120 |    120 |      0 |      0 |     82 |   1 |  120.0 |
               +--------+--------+--------+--------+--------+-----+--------+

Top non-repeatable levels by time:
     D:1: 120 daAuts
